 Dungeon Crawl Stone Soup version 0.27.0-1-g7a089689b8 (webtiles) character file.

Game seed: 4619227094371378359

55 Naeght the Skirmisher (level 3, -7/33 HPs)
             Began as a Hill Orc Fighter on Aug 14, 2021.
             Mangled by a gnoll (8 damage)
             ... on level 2 of the Dungeon.
             The game lasted 00:01:38 (2225 turns).

Naeght the Skirmisher (Hill Orc Fighter)            Turns: 2225, Time: 00:01:39

Health: -7/33      AC:  7    Str: 19    XL:     3   Next: 93%
Magic:  3/3        EV:  9    Int:  8    God:
Gold:   113        SH:  4    Dex: 10    Spells: 2/2 levels left

rFire    . . .     SeeInvis .   a - +0 war axe
rCold    . . .     Faith    .   g - +0 buckler
rNeg     . . .     Spirit   .   b - +0 scale mail
rPois    .         Reflect  .   (no helmet)
rElec    .         Harm     .   (no cloak)
rCorr    .         Rampage  .   (no gloves)
Will     .....                  (no boots)
Stlth    ..........             (no amulet)
HPRegen  0.11/turn              (no ring)
MPRegen  0.08/turn              (no ring)

@: no status effects
A: no striking features
a: no special abilities


You were on level 2 of the Dungeon.
You visited 1 branch of the dungeon, and saw 2 of its levels.

You collected 113 gold pieces.

Inventory:

Hand Weapons
 a - a +0 war axe (weapon)
Armour
 b - a +0 scale mail (worn)
 c - a +0 kite shield
 g - a +0 buckler (worn)
Scrolls
 f - a scroll of fog {unknown}
 j - a scroll of vulnerability {unknown}
 l - 2 scrolls of amnesia {unknown}
Potions
 d - a potion of might
 e - 2 potions of flight {unknown}
 h - 2 potions of curing {unknown}
 i - a potion of brilliance {unknown}
 k - a potion of heal wounds {unknown}
 m - a potion of berserk rage {unknown}


   Skills:
 + Level 4.1 Fighting
 * Level 4.0 Axes
 + Level 3.7 Armour
 + Level 3.7 Shields


You had 2 spell levels left.
You didn't know any spells.
Your spell library contained the following spells:

 Spells                   Type           Power      Damage    Failure   Level
 Animate Armour           Summ/Erth      0%         N/A       100%        4
 Blade Hands              Tmut           0%         N/A       100%        5
 Iron Shot                Conj/Erth      0%         9d1       100%        6


Dungeon Overview and Level Annotations

Branches:
Dungeon (2/15)

Altars:


Message History

You hit the gnoll.
You kill the gnoll!
You slash the bat!
You kill the bat!
The gnoll hits you from afar with a +0 halberd!
The gnoll misses you.
Your Axes skill increases to level 4!
You are too injured to fight recklessly!
You are too injured to fight recklessly!
You are too injured to fight recklessly!
You are too injured to fight recklessly!
You are too injured to fight recklessly!
You are too injured to fight recklessly!
You are too injured to fight recklessly!
You are too injured to fight recklessly!
You are too injured to fight recklessly!
You are too injured to fight recklessly!
You are too injured to fight recklessly!
You are too injured to fight recklessly!
You are too injured to fight recklessly!
You are too injured to fight recklessly!
You are too injured to fight recklessly!
The gnoll closely misses you.
You are too injured to fight recklessly!
You slash the gnoll!
The gnoll is heavily wounded.
You hit the gnoll. You block the gnoll's attack.
The gnoll hits you with a +0 flail. The gnoll closely misses you.
You are too injured to fight recklessly!
The gnoll hits you but does no damage.
The gnoll hits you from afar with a +0 halberd!
* * * LOW HITPOINT WARNING * * *
The gnoll hits you but does no damage.
You see here a scroll labelled WUPNUJ WAUPRE.
You completely miss the gnoll.
The gnoll is lightly wounded.
The gnoll hits you from afar with a +0 halberd.
* * * LOW HITPOINT WARNING * * *
The gnoll hits you with a +0 flail!
You die...

#......................
#............###.###.##
#..........#.# #.# #.#
#..........#.###.###.##
#..........#...........
#..........#.....###.#.
######......#####.........#.
#..........##.........#.....
#.......#..@g.........#.#...
#.......##.##gg......##.....
#.......##.##..####.# ######
#.......#...).......# #
#.......#.###.†...... #
#.......#. #.#...#.#
#.......#. ......... ..
....#.#.. #.##.#..(#


You could see 3 gnolls.

Vanquished Creatures
  An adder (D:2)
  A gnoll (D:2)
  A worm (D:2)
  A ball python (D:2)
  3 endoplasms
  3 hobgoblins
  4 jackals (D:1)
  A quokka (D:2)
  4 bats
  2 frilled lizards
  2 goblins (D:1)
  4 kobolds (D:1)
  6 rats
33 creatures vanquished.

Notes
Turn   | Place    | Note
-------+----------+-------------------------------------------
     0 | D:1      | Naeght the Hill Orc Fighter began the quest for the Orb.
     0 | D:1      | Reached XP level 1. HP: 19/19 MP: 1/1
   271 | D:1      | Reached XP level 2. HP: 10/27 MP: 2/2
  1220 | D:1      | Found a faded altar of an unknown god.
  1620 | D:2      | Reached XP level 3. HP: 12/33 MP: 3/3
  2225 | D:2      | HP: 1/33 [gnoll (5)]
  2225 | D:2      | Mangled by a gnoll

Illustrated notes

Levels and vault maps discovered:
D:1:      dpeg_arrival_arbitrary_a, layout_loops_corners,
          hellmonk_ecumenical_altar_leap_of_faith
D:2:      layout_basic, basic_altar

Skill      XL: |  1  2  3 |
---------------+----------+-----
Axes           | 3 4 |  4.0
Fighting       | 4 |  4.1
Armour         | |  3.7
Shields        | |  3.7

Action                   || total
-------------------------++-------
Melee: War axe           ||   122
Armor: Scale mail        ||    65
Dodge: Dodged            ||    54
Block: Kite shield       ||    25
       Buckler           ||    17
